 Dungeon Crawl Stone Soup version 0.31-a0-1074-g0b22e4e0f1 (webtiles) character file.

Game seed: 10737099200965440746

2 kae the Vexing (level 1, 0/13 HPs)
             Began as a Demonspawn Enchanter on Nov 26, 2023.
             Killed from afar by a dart slug (4 damage)
             ... with a slug dart
             ... on level 1 of the Dungeon.
             The game lasted 00:00:08 (151 turns).

kae the Vexing (Demonspawn Enchanter)                Turns: 151, Time: 00:00:09

Health: 0/13       AC:  2    Str:  8    XL:     1   Next: 33%
Magic:  3/3        EV: 12    Int: 16    God:
Gold:   0          SH:  0    Dex: 13    Spells: 4/4 levels left

rFire   . . .        a - +1 dagger
rCold   . . .        (no shield)
rNeg    . . .        b - +0 robe
rPois   .            (no helmet)
rElec   .            (no cloak)
rCorr   .            (no gloves)
SInv    .            (no boots)
Will    .....        (no amulet)
Stlth   ++           (no ring)
HPRegen 0.22/turn    (no ring)
MPRegen 0.08/turn

%: no passive effects
@: no status effects
A: no striking features
a: no special abilities


You were on level 1 of the Dungeon.
You visited 1 branch of the dungeon, and saw 1 of its levels.


   Skills:
 + Level 0.0 Fighting
 * Level 1.0 Short Blades
 + Level 1.8 Dodging
 * Level 2.7 Stealth
 + Level 2.0 Spellcasting
 + Level 3.0 Hexes


You had 4 spell levels left.
You didn't know any spells.
Your spell library contained the following spells:

 Spells                   Type           Power      Damage    Failure   Level
 Ensorcelled Hibernation  Hex/Ice        12%        N/A       17%         2
 Confusing Touch          Hex            11%        N/A       19%         3
 Tukima's Dance           Hex            11%        N/A       19%         3
 Dazzling Flash           Conj/Hex       12%        N/A       32%         3

Inventory:

Hand Weapons
 a - a +1 dagger (weapon)
Missiles
 e - 4 stones
 f - 4 poisoned darts
Armour
 b - a +0 robe (worn)
Potions
 c - 2 potions of invisibility
 d - a potion of enlightenment {unknown}

Dungeon Overview and Level Annotations

Branches:
Dungeon (1/15) Zot: 5848

Altars:

Annotations:
D:1 1 transporter

#.#...........# ...
#.###########.####.#
#...# #.....# ###.#
####.## #.#
########.## #.#
#.......#.# #.#
#.......##.# #.#
#.......# #.# #.#
#....@r.# #.# ##[##
#....w..# .# #.#.#
#.......b.. . ##..#
#.....>.##.# K
####.###.####.## #
#..†...#. ..#
#.##.#.# ## #
#...##########. #
###.##........[


You could see a dart slug, a bat and a rat.


Message History

Options error: Missing colour in message_colour setting: 'before it is too late' ✅ Successfully initialized magus.rc [v1.11.3] Welcome, kae the Demonspawn Enchanter.
A smirking vizier told you that the Orb of Zot is just within this dungeon.
Press ? for a list of commands and other information.
Found a staircase leading out of the dungeon.
There is a staircase leading out of the dungeon here.
A hobgoblin comes into view.
Unknown command.
A hobgoblin is nearby!
A hobgoblin is nearby!
The hobgoblin shouts!
A hobgoblin is nearby!
You hit the hobgoblin. The hobgoblin barely misses you.
A hobgoblin is nearby!
You hit the hobgoblin but do no damage. The hobgoblin misses you.
You hit the hobgoblin.
A hobgoblin is nearby!
You hit the hobgoblin. The hobgoblin hits you.
You closely miss the hobgoblin. The hobgoblin hits you. 😮 HP[-5]
You take 5 damage, and now have 8/13 hp.
MASSIVE DAMAGE!! (PAUSE)
You hit the hobgoblin.
The hobgoblin hits you but does no damage. 😮 HP[+1]
You closely miss the hobgoblin. The hobgoblin barely misses you.
You hit the hobgoblin but do no damage. The hobgoblin hits you. 😮 HP[-1]
You take 1 damage, and now have 8/13 hp.
You hit the hobgoblin.
You kill the hobgoblin!
Unknown command.
d - a bubbling orange potion 😎 HP[+5]
Your hp is fully restored (13).
No target in view!
No target in view!
A rat comes into view.
A ball python comes into view.
The ball python hisses angrily.
There are monsters nearby!
There are monsters nearby!
The rat barely misses you. The ball python closely misses you.
The ball python grabs you. The ball python constricts you.
You hit the ball python but do no damage.
The ball python bites you but does no damage.
The ball python constricts you.
You hit the rat.
You kill the rat!
The ball python bites you.
The ball python constricts you. 😕 HP[-2]
You take 2 damage, and now have 11/13 hp.
You escape the ball python's grasp.
You see here a rat corpse.
Unknown command.
You hit the ball python.
You kill the ball python!
Your Short Blades skill increases to level 1! 😕 HP[+1] Unknown command.
e - 4 stones You see here a +0 scale mail.
f - 4 poisoned darts 😎 HP[+1]
Your hp is fully restored (13).
No target in view!
No target in view!
A bat comes into view.
A dart slug and a kobold come into view.
Found a stone staircase leading down.
A rat comes into view.
The dart slug launches a dart at you. The slug dart misses you.
There are monsters nearby!
There are monsters nearby!
There are monsters nearby!
You hit the dart slug. The bat closely misses you.
The dart slug closely misses you.
There are monsters nearby!
You hit the dart slug. The bat closely misses you. The dart slug bites you.
You hit the dart slug. The bat hits you. 😮 HP[-4]
You take 4 damage, and now have 9/13 hp.
MASSIVE DAMAGE!! (PAUSE)
You barely miss the dart slug. The bat completely misses you.
The bat hits you but does no damage. The dart slug launches a dart at you.
The slug dart hits you.
* * * LOW HITPOINT WARNING * * *
The rat closely misses you. 😨 HP[-5]
You take 5 damage, and now have 4/13 hp.
MASSIVE DAMAGE!! (PAUSE)
You hit the dart slug. The bat hits you but does no damage.
The rat closely misses you. The dart slug launches a dart at you.
The slug dart hits you.
You die...

Skill      XL: |  1 |
---------------+----+-----
Short Blades   | 1 |  1.0
Dodging        | |  1.8
Stealth        | |  2.7
Spellcasting   | |  2.0
Hexes          | |  3.0

Action                     || total
---------------------------++-------
  Melee: Dagger            ||    17
 Armour: Robe              ||    12
  Dodge: Dodged            ||    12

Levels and vault maps discovered:
D:1:      spicycebolla_arrival_risky_transporter, layout_loops_cross

Notes
Turn   | Place    | Note
-------+----------+-------------------------------------------
     0 | D:1      | kae the Demonspawn Enchanter began the quest for the Orb.
     0 | D:1      | Reached XP level 1. HP: 13/13 MP: 3/3
     0 | D:1      | magus.rc [v1.11.3]
    82 | D:1      | Reached skill level 1 in Short Blades
   151 | D:1      | Killed from afar by a dart slug

Vanquished Creatures
  A hobgoblin (D:1)
  A ball python (D:1)
  A rat (D:1)
3 creatures vanquished.

Table legend:
 A = Non-vault XP
 B = Vault XP
 C = Vault XP percentage of total XP
 D = Non-vault monster count
 E = Vault monster count
 F = Vault count percentage of total count
                 A         B        C        D         E       F
            +---------+---------+-------+---------+---------+-------
      Total |       4 |       0 |   0.0 |       3 |       0 |   0.0
            +---------+---------+-------+---------+---------+-------
        D:1 |       4 |       0 |   0.0 |       3 |       0 |   0.0
            +---------+---------+-------+---------+---------+-------

Skill      XL: |  1 |
---------------+----+-----
Short Blades   | 1 |  1.0
Dodging        | |  1.8
Stealth        | |  2.7
Spellcasting   | |  2.0
Hexes          | |  3.0

Action                     || total
---------------------------++-------
  Melee: Dagger            ||    17
 Armour: Robe              ||    12
  Dodge: Dodged            ||    12

Illustrated notes

Table legend:
 A = Kills in this place as a percentage of kills in the entire game.
 B = Kills by you in this place as a percentage of kills by you in the entire game.
 C = Kills by friends in this place as a percentage of kills by friends in the entire game.
 D = Other kills in this place as a percentage of other kills in the entire game.
 E = Experience gained in this place as a percentage of experience gained in the entire game.
 F = Experience gained in this place divided by the number of levels of this place that you have seen.
                   A       B       C       D       E      F
               +-------+-------+-------+-------+-------+----------------------
         Total | 100.0 | 100.0 |   N/A |   N/A | 100.0 |   4.0
       Dungeon | 100.0 | 100.0 |   N/A |   N/A | 100.0 |   4.0
               +-------+-------+-------+-------+-------+----------------------

Table legend: (Time is in decaauts)
 A = Elapsed time spent in this place.
 B = Non-inter-level travel time spent in this place.
 C = Inter-level travel time spent in this place.
 D = Time resting spent in this place.
 E = Time spent auto-exploring this place.
 F = Levels seen in this place.
 G = Mean time per level.
                   A        B        C        D        E       F      G
               +--------+--------+--------+--------+--------+-----+--------+
         Total |    150 |    150 |      0 |      0 |    115 |   1 |  150.0 |
       Dungeon |    150 |    150 |      0 |      0 |    115 |   1 |  150.0 |
               +--------+--------+--------+--------+--------+-----+--------+

Top non-repeatable levels by time:
     D:1: 150 daAuts
